 Dungeon Crawl Stone Soup version 0.26.1-2-gb8aa6d0cf2 (webtiles) character file.

Game seed: 34571042137563720

4774 DearestLeader the Covert (level 10, -8/44 HPs)
             Began as a Spriggan Enchanter on Mar 20, 2021.
             Was a Believer of Dithmenos.
             Mangled by Gastronok (30 damage)
             ... on level 9 of the Dungeon on Mar 21, 2021.
             The game lasted 00:22:21 (10112 turns).

DearestLeader the Covert (Spriggan Enchanter)      Turns: 10112, Time: 00:22:22

Health: -8/44      AC:  8    Str:  4    XL:     10   Next: 23%
Magic:  11/17      EV: 18    Int: 20    God:    Dithmenos [**....]
Gold:   403        SH:  0    Dex: 17    Spells: 5/17 levels left

rFire    + . .     SeeInvis +   a - +1 dagger
rCold    x . .     Faith    .   (shield restricted)
rNeg     . . .     Spirit   .   b - +0 robe
rPois    +         Reflect  .   (helmet restricted)
rElec    +         Harm     .   y - +1 cloak {rCorr}
rCorr    +         Rampage  .   (gloves unavailable)
Will     +....                  (boots unavailable)
Stlth    ++++++++..             (no amulet)
HPRegen  0.14/turn              i - +4 ring of protection
MPRegen  0.15/turn              d - ring of the Republic {Fire rElec rPois SInv Stlth+}

@: wreathed by umbra, very quick
A: very small, unfitting armour, see invisible, speed 3
a: Renounce Religion, Shadow Step


You were on level 9 of the Dungeon.
You worshipped Dithmenos.
Dithmenos was pleased with you.
You visited 2 branches of the dungeon, and saw 10 of its levels.

You collected 403 gold pieces.

Inventory:

Hand Weapons
 a - a +1 dagger (weapon)
 x - the +10 mace of Arrival {vorpal, SInv}
   (You found it on level 4 of the Dungeon)

   It inflicts extra damage upon your enemies.
   It lets you see invisible.
 C - a +4 shortbow
Missiles
 m - 30 poisoned darts (quivered)
 s - 3 atropa-tipped darts
 D - 127 arrows
Armour
 b - a +0 robe (worn)
 y - a +1 cloak of preservation (worn)
Jewellery
 c - an uncursed ring of fire
 d - the ring of the Republic (right hand) {Fire rElec rPois SInv Stlth+}
   (You found it on level 9 of the Dungeon)

   [ring of fire]

   It enhances your fire magic.
   It protects you from fire.
   It makes you vulnerable to cold.
   It insulates you from electricity.
   It protects you from poison.
   It lets you see invisible.
   It makes you more stealthy.
 i - a +4 ring of protection (left hand)
Wands
 v - a wand of disintegration (15)
 z - a wand of iceblast (13)
 F - a wand of random effects (21)
 K - a wand of paralysis (8)
Scrolls
 f - 3 scrolls of enchant weapon {unknown}
 g - 3 scrolls of fog {unknown}
 k - 5 scrolls of blinking
 n - 4 scrolls of remove curse
 p - 5 scrolls of enchant armour
 r - 4 scrolls of teleportation
 t - 3 scrolls of random uselessness {unknown}
 E - a scroll of amnesia {unknown}
 H - a scroll of immolation {unknown}
 I - a scroll of brand weapon {unknown}
Potions
 e - a potion of flight {unknown}
 h - 3 potions of degeneration
 j - 3 potions of curing
 l - a potion of invisibility {unknown}
 o - 2 potions of heal wounds {unknown}
 q - a potion of berserk rage {unknown}
 u - 2 potions of mutation {unknown}
 w - 4 potions of magic
 A - a potion of haste {unknown}
 B - a potion of lignification {unknown}
 G - a potion of brilliance {unknown}
 J - a potion of resistance {unknown}
 L - a potion of attraction {unknown}


   Skills:
 - Level 10.0 Short Blades
 - Level 3.0 Dodging
 + Level 13.0 Stealth
 - Level 4.0 Spellcasting
 * Level 10.1 Hexes
 + Level 2.6 Invocations


You had 5 spell levels left.
You knew the following spells:

 Your Spells              Type           Power        Failure   Level
a - Corona                Hex            48%          1%          1
b - Ensorcelled Hibernat  Hex/Ice        48%          2%          2
c - Confusing Touch       Hex            44%          1%          3
d - Dazzling Flash        Conj/Hex       48%          4%          3
e - Tukima's Dance        Hex            44%          1%          3

Your spell library contained the following spells:

 Spells                   Type           Power        Failure   Level
 Animate Skeleton         Necr           8%           13%         1
 Apportation              Tloc           8%           13%         1
 Freeze                   Ice            16%          13%         1
 Sandblast                Erth           8%           13%         1
 Summon Small Mammal      Summ           16%          13%         1
 Passwall                 Tmut/Erth      3%           19%         2
 Frozen Ramparts          Ice            8%           36%         3
 Ozocubu's Armour         Ice            4%           36%         3
 Stone Arrow              Conj/Erth      8%           36%         3
 Hailstorm                Conj/Ice       4%           77%         4
 Petrify                  Tmut/Erth      4%           77%         4
 Summon Ice Beast         Ice/Summ       4%           77%         4
 Lee's Rapid Deconstruct  Erth           2%           98%         5


Dungeon Overview and Level Annotations

Branches:
Dungeon (9/15)             Temple (1/1) D:5            Lair (0/6) D:8
    Orc: D:9-12

Altars:
Dithmenos
Elyvilon
Fedhas
Gozag
Makhleb
Nemelex Xobeh
Okawaru
Qazlal
Sif Muna
Trog
Xom

Shops:
D:9 ?

Portals:
Abyss: D:4

Annotations:
D:3 2 runed translucent doors, grovkorv's ghost, amateur FoGl
D:4 2 transporters, coolplayer1's ghost, amateur PaFi
D:6 2 transporters
D:9 Gastronok


Innate Abilities, Weirdness & Mutations

You are very small and have problems with some larger weapons.
You are too small for most types of armour.
You have supernaturally acute eyesight. (SInv)
You cover ground extremely quickly.


Message History

Aim: Gastronok, wearing a +2 hat of intelligence (heavily wounded, umbra, chance to affect: 10%) Gastronok resists with almost no effort.
Gastronok bites you!!
Ouch! That really hurt!
Casting: Ensorcelled Hibernation (safe; 2% risk of failure)
Confirm with . or Enter, or press ? or * to list all spells.
Aiming: Ensorcelled Hibernation (safe; 2% risk of failure)
Press: ? - help, Shift-Dir - straight line, f/p - Gastronok
Aim: Gastronok, wearing a +2 hat of intelligence (heavily wounded, umbra, chance to affect: 10%) Gastronok resists with almost no effort.
Unknown command.
Casting: Ensorcelled Hibernation (safe; 2% risk of failure)
Confirm with . or Enter, or press ? or * to list all spells.
Aiming: Ensorcelled Hibernation (safe; 2% risk of failure)
Press: ? - help, Shift-Dir - straight line, f/p - Gastronok
Aim: Gastronok, wearing a +2 hat of intelligence (heavily wounded, umbra, chance to affect: 10%) Gastronok resists with almost no effort.
Gastronok bites you!!
Ouch! That really hurt!
You die...

##....#........#############
#.....'........#
#.#####.>......# #.#
#........# #.# ##########
#.# #.# ######### #.#
#w....... #.# #@# #.# #.#
#.#########.# #...........#
#############


You could see Gastronok.

Vanquished Creatures
  A two-headed ogre (D:8)
  Grinder (D:6)
  A hornet (D:7)
  Eustachio (D:6)
  A steam dragon (D:7)
  2 phantoms
  An orc warrior (D:4)
  2 ice beasts
  4 sky beasts
  4 ogres
  A necrophage (D:7)
  3 centaurs
  5 bullfrogs
  A wyvern skeleton (D:6)
  A howler monkey (D:4)
  3 wights (D:7)
  10 hounds
  A bullfrog zombie (D:5)
  4 jellies
  Crazy Yiuf (D:4)
  A centaur skeleton (D:8)
  4 bullfrog skeletons
  2 orc priests
  5 iguanas
  A gnoll shaman (D:8)
  3 orc wizards
  9 worker ants
  2 hound skeletons
  2 worker ant zombies (D:6)
  7 gnolls
  7 adders
  A shadow imp (D:8)
  3 white imps
  3 ufetubi
  An adder skeleton (D:5)
  2 adder zombies (D:6)
  3 worms
  A dart slug (D:3)
  8 leopard geckos
  15 orcs
  3 giant cockroaches
  8 goblins
  5 hobgoblins
  7 jackals
  7 quokkas
  8 bats
  4 frilled lizards
  8 kobolds
  A quokka skeleton (D:6)
  12 rats
191 creatures vanquished.

Notes
Turn   | Place    | Note
-------+----------+-------------------------------------------
     0 | D:1      | DearestLeader the Spriggan Enchanter began the quest for
                  | the Orb.
     0 | D:1      | Reached XP level 1. HP: 9/9 MP: 5/5
    43 | D:1      | Found a shimmering altar of Xom.
    46 | D:1      | Found an ornate altar of the Wu Jian Council.
    46 | D:1      | Found a shimmering altar of Xom.
    48 | D:1      | Found an ornate altar of the Wu Jian Council.
    48 | D:1      | Found a sparkling altar of Nemelex Xobeh.
    48 | D:1      | Found a shadowy altar of Dithmenos.
   534 | D:1      | Reached XP level 2. HP: 7/13 MP: 3/6
   537 | D:1      | Learned a level 2 spell: Ensorcelled Hibernation
  1613 | D:2      | Reached skill level 5 in Stealth
  1613 | D:2      | Reached XP level 3. HP: 16/16 MP: 2/8
  2279 | D:2      | Found a white marble altar of Elyvilon.
  2280 | D:2      | Found a bloodstained altar of Trog.
  2280 | D:2      | Found a burning altar of Makhleb.
  2281 | D:2      | Found a stormy altar of Qazlal.
  2282 | D:2      | Found an iron altar of Okawaru.
  2548 | D:2      | Reached XP level 4. HP: 21/21 MP: 9/9
  2830 | D:3      | Found a faded altar of an unknown god.
  2870 | D:3      | Found a burning altar of Makhleb.
  3128 | D:3      | Found a runed translucent door.
  3132 | D:3      | Noticed grovkorv's ghost (amateur FoGl)
  3177 | D:3      | Found a runed translucent door.
  3234 | D:3      | Learned a level 3 spell: Confusing Touch
  3285 | D:3      | Reached skill level 6 in Stealth
  3788 | D:4      | Reached XP level 5. HP: 24/24 MP: 7/10
  3856 | D:4      | Found a transporter.
  3859 | D:4      | Reached skill level 5 in Short Blades
  3894 | D:4      | Reached XP level 6. HP: 28/28 MP: 11/11
  3935 | D:4      | Reached skill level 7 in Stealth
  4214 | D:4      | Found a one-way gate to the infinite horrors of the Abyss.
  4214 | D:4      | Noticed coolplayer1's ghost (amateur PaFi)
  4270 | D:4      | Noticed an orc warrior
  4279 | D:4      | Killed an orc warrior
  4676 | D:4      | Reached XP level 7. HP: 12/32 MP: 1/12
  4688 | D:4      | HP: 1/32 [orc/+0 morningstar (12)]
  5291 | D:4      | Found a transporter.
  5358 | D:4      | Found a runed translucent door.
  5359 | D:4      | Noticed Crazy Yiuf
  5361 | D:4      | Got a smoking mace
  5367 | D:4      | Killed Crazy Yiuf
  5368 | D:4      | Reached skill level 8 in Stealth
  5446 | D:5      | Entered Level 5 of the Dungeon
  5467 | D:5      | Learned a level 3 spell: Dazzling Flash
  5884 | D:5      | Found a staircase to the Ecumenical Temple.
  5910 | Temple   | Entered the Ecumenical Temple
  5932 | Temple   | Became a worshipper of Dithmenos the Shadowed
  5964 | D:5      | Reached skill level 5 in Hexes
  6157 | D:5      | Reached skill level 9 in Stealth
  6157 | D:5      | Reached XP level 8. HP: 36/36 MP: 13/13
  7072 | D:6      | Noticed Grinder
  7080 | D:6      | Killed Grinder
  7081 | D:6      | Reached skill level 10 in Stealth
  7129 | D:6      | Reached * piety under Dithmenos
  7181 | D:6      | Noticed Eustachio
  7185 | D:6      | Killed Eustachio
  7186 | D:6      | Reached XP level 9. HP: 39/39 MP: 14/14
  7203 | D:6      | Found a transporter.
  7208 | D:6      | Noticed a kobold demonologist
  7216 | D:6      | Found a shimmering altar of Xom.
  7230 | D:6      | Found a blossoming altar of Fedhas.
  7311 | D:6      | Noticed a kobold demonologist
  7319 | D:6      | Found a transporter.
  7439 | D:7      | Reached skill level 10 in Short Blades
  7489 | D:7      | Reached skill level 11 in Stealth
  7665 | D:7      | Learned a level 3 spell: Tukima's Dance
  8064 | D:7      | Reached skill level 12 in Stealth
  8419 | D:7      | Reached ** piety under Dithmenos
  8824 | D:8      | Noticed a two-headed ogre
  8842 | D:8      | Killed a two-headed ogre
  8843 | D:8      | Reached skill level 1 in Invocations
  8843 | D:8      | Reached XP level 10. HP: 17/44 MP: 8/16
  9341 | D:8      | Found a staircase to the Lair.
  9450 | D:8      | Found an opulent altar of Gozag.
  9667 | D:8      | Noticed a cyclops
  9747 | D:9      | Found Zezan's Magic Scroll Emporium.
  9750 | D:9      | Identified the +10 mace of Arrival {vorpal, SInv} (You
                  | found it on level 4 of the Dungeon)
  9768 | D:9      | Got a clouded bone ring
  9769 | D:9      | Identified the ring of the Republic {Fire rElec rPois SInv
                  | Stlth+} (You found it on level 9 of the Dungeon)
  9820 | D:9      | Reached skill level 10 in Hexes
 10048 | D:9      | Reached skill level 13 in Stealth
 10105 | D:9      | Noticed Gastronok
 10112 | D:9      | Mangled by Gastronok

Illustrated notes

Levels and vault maps discovered:
D:1:      minmay_arrival_solitary_statue, layout_basic, kennysheep_doodads,
          doesnt_xom_only_xom
D:2:      layout_loops_ring, minitemple, minmay_misc_feat_roman
D:3:      minmay_recursive_quarters, layout_loops_ring,
          chequers_ecumenical_altar_simple_redux, ebering_ghost_sewer_f,
          bloody_makhleb
D:4:      layout_loops_ring, gammafunk_ghost_abyssal_escape,
          minmay_misc_feat_pillars, uniq_crazy_yiuf_cottage
D:5:      layout_rooms, temple_fountains
D:6:      gammafunk_wand_slinger, layout_rooms, fedhas_altar_2,
          lemuel_crystal_altar, uniq_eustachio, uniq_grinder
D:7:      layout_basic
D:8:      minmay_blocky_corners, layout_cave_pools, nicolae_gozag_seed_capital,
          lemuel_coloured_pillars_altar, lair_entry_dummy
D:9:      layout_basic, general_overflow_altar, serial_shops, kennysheep_mini,
          uniq_gastronok
Temple:   hc_temple_tempest_star

Skill      XL: |  1  2  3  4  5  6  7  8  9 10 |
---------------+-------------------------------+-----
Short Blades   | 2 3 4 5 6 7 9 10 | 10.0
Hexes          | 4 5 6 9 10 | 10.1
Stealth        | 5 6 7 9 10 12 13 | 13.0
Spellcasting   | 3 4 |  4.0
Invocations    | 1 2 |  2.6
Dodging        | |  3.0

Action                   |  1- 3 |  4- 6 |  7- 9 | 10-12 || total
-------------------------+-------+-------+-------+-------++-------
Melee: Dagger            |    86 |   109 |   222 |    75 ||   492
Throw: Dart              |    13 |       |       |       ||    13
 Cast: Corona            |     5 |     2 |       |       ||     7
       Ensorcelled Hiber |    13 |    36 |    50 |    13 ||   112
       Confusing Touch   |       |     3 |    16 |     4 ||    23
       Dazzling Flash    |       |       |       |     3 ||     3
  Use: Scroll            |       |       |       |     7 ||     7
 Stab: Sleeping          |    23 |    28 |    63 |    16 ||   130
       Distracted        |       |     1 |     4 |     1 ||     6
       Confused          |       |     4 |    18 |     3 ||    25
       Invisible         |       |       |       |     2 ||     2
Armor: Robe              |    11 |    21 |    36 |     3 ||    71
Dodge: Dodged            |    57 |    82 |   126 |    44 ||   309
